 Dungeon Crawl Stone Soup version 0.25-a0-734-g73332aeda9 (webtiles) character file.

Game seed: 4108779364418350634, levelgen mode: deterministic

836 Esekla the Slasher (level 7, -1/55 HPs)
             Began as a Barachi Warper on Apr 11, 2020.
             Was a Follower of Vehumet.
             Slain by a centaur
             ... wielding a cursed +0 shortbow
              (8 damage)
             ... on level 5 of the Dungeon.
             The game lasted 00:41:19 (6792 turns).

Esekla the Slasher (Barachi Warper)                 Turns: 6792, Time: 00:41:20

Health: -1/55      AC:  5    Str: 13    XL:     7   Next: 99%
Magic:  12/12      EV: 13    Int: 14    God:    Vehumet [*.....]
Gold:   345        SH:  0    Dex: 12    Spells: 8/13 levels left

rFire    + . .     SeeInvis .   r - +4 dagger (venom)
rCold    . . .     Gourm    .   (no shield)
rNeg     + . .     Faith    .   t - +2 robe {rF+}
rPois    .         Spirit   .   (no helmet)
rElec    .         Reflect  .   q - +0 cloak
rCorr    .         Harm     .   (no gloves)
MR       .....                  (no boots)
Stlth    +.........             (no amulet)
HPRegen  0.18/turn              (no ring)
MPRegen  0.13/turn              h - ring of positive energy

@: brilliant, slow
A: +LOS, swims, slowness 1, strong legs 1
a: Hop, Renounce Religion


You were on level 5 of the Dungeon.
You worshipped Vehumet.
Vehumet was aware of your devotion.
You were hungry.

You visited 1 branch of the dungeon, and saw 5 of its levels.

You collected 345 gold pieces.

Inventory:

Hand Weapons
 l - a +1 vorpal falchion
 r - a +4 dagger of venom (weapon)
Missiles
 e - 5 boomerangs of dispersal
 k - 16 poisoned darts (quivered)
 m - 10 boomerangs
Armour
 b - a +0 leather armour
 c - a +0 buckler
 g - a +1 ring mail of cold resistance
 q - a +0 cloak (worn)
 t - a +2 robe of fire resistance (worn)
Jewellery
 h - a ring of positive energy (right hand)
 j - an uncursed ring of fire
Scrolls
 d - 3 scrolls of blinking
 i - 2 scrolls of remove curse
 n - a scroll of identify
 s - a scroll of amnesia {unknown}
Potions
 a - a potion of haste
 u - a potion of resistance {unknown}
Comestibles
 f - 8 rations


   Skills:
 * Level 4.3 Fighting
 + Level 1.4(3.6) Short Blades
 * Level 5.8(5.9) Long Blades
 + Level 1.3 Throwing
 + Level 3.3 Armour
 + Level 4.0 Dodging
 * Level 3.8 Spellcasting
 * Level 1.2 Conjurations
 * Level 2.9 Charms
 + Level 3.7 Translocations


You had 8 spell levels left.
You knew the following spells:

 Your Spells              Type           Power        Failure   Level  Hunger
a - Shroud of Golubria    Chrm/Tloc      ###...       8%          2    None
b - Blink                 Tloc           N/A          6%          2    None
c - Magic Dart            Conj           #...         12%         1    None

Your spell library contained the following spells:

 Spells                   Type           Power        Failure   Level  Hunger
 Gell's Gravitas          Tloc           ###.......   13%         3    None
 Lesser Beckoning         Tloc           ###.......   13%         3    None
 Teleport Other           Tloc           ###.....     13%         3    None
 Passage of Golubria      Tloc           N/A          38%         4    None


Dungeon Overview and Level Annotations

Branches:
Dungeon (5/15)
 Temple: D:4-7

Altars:
Okawaru
Uskayaw
Vehumet


Innate Abilities, Weirdness & Mutations

You can be seen from farther away. (+LOS)
You can swim through water.
You cover ground slowly.
You can hop short distances.


Message History

The arrow hits you!
You see here 2 arrows.
The centaur shoots an arrow.
The arrow hits you!
You see here an arrow.
The centaur shoots an arrow.
The arrow hits you but does no damage.
The centaur shoots an arrow.
The arrow hits you!
The centaur shoots an arrow.
The arrow barely misses you.
You see here an arrow.
The centaur shoots an arrow.
The arrow hits you.
* * * LOW HITPOINT WARNING * * *
Found a stone staircase leading up.
Your shroud unravels.
The centaur closely misses you.
The centaur hits you with a cursed +0 shortbow!
* * * LOW HITPOINT WARNING * * *
You closely miss the centaur. The centaur misses you.
It was a potion of brilliance.
You feel clever all of a sudden.
The centaur hits you with a cursed +0 shortbow!
You die...

.. # #. #........##
.. .##.###..........
<. .....#.........#
..#.##.#.#.........#
##
........c+.........
... #..@#.......#
..##
#...#......###...#
#.(.#............ .
#!.((....#.).).# ..
#(.####.##.._..# .#
#..# #..#.).).#..#
#..####..(........#.
#..........###......
#..#####....#....###


You could see a centaur.

Vanquished Creatures
  A phantom (D:4)
  Blork the orc (D:4)
  2 big kobolds (D:4)
  A crimson imp (D:3)
  6 orc wizards
  3 worker ants
  A hound skeleton (D:4)
  8 gnolls (D:4)
  5 adders
  3 worms
  A dart slug (D:1)
  A leopard gecko (D:2)
  11 orcs
  2 giant cockroaches
  29 hobgoblins
  2 jackals (D:2)
  9 kobolds
  2 quokkas
  6 bats
  3 frilled lizards
  27 goblins
124 creatures vanquished.

Notes
Turn   | Place    | Note
-------+----------+-------------------------------------------
     0 | D:1      | Esekla the Barachi Warper began the quest for the Orb.
     0 | D:1      | Reached XP level 1. HP: 17/17 MP: 3/3
    92 | D:1      | Reached XP level 2. HP: 20/23 MP: 5/5
   108 | D:1      | Learned a level 2 spell: Shroud of Golubria
   111 | D:1      | Learned a level 2 spell: Blink
   403 | D:1      | Reached XP level 3. HP: 23/28 MP: 6/6
   582 | D:2      | HP: 1/28 [quokka (4)]
  1369 | D:2      | Reached skill level 3 in Long Blades
  1668 | D:2      | Reached XP level 4. HP: 21/34 MP: 6/8
  2447 | D:2      | Reached skill level 1 in Charms
  2502 | D:3      | Reached XP level 5. HP: 41/41 MP: 7/9
  2518 | D:3      | Reached skill level 4 in Long Blades
  2976 | D:3      | Found a hide-covered altar of Uskayaw.
  2977 | D:3      | Found a radiant altar of Vehumet.
  2986 | D:3      | Became a worshipper of Vehumet
  3477 | D:4      | Reached XP level 6. HP: 47/47 MP: 10/10
  4525 | D:4      | Noticed Blork the orc
  4554 | D:3      | Reached skill level 5 in Long Blades
  4682 | D:4      | Killed Blork the orc
  4682 | D:4      | Reached XP level 7. HP: 31/53 MP: 6/12
  5536 | D:4      | Reached * piety under Vehumet
  5536 | D:4      | Offered knowledge of Magic Dart by Vehumet.
  5544 | D:4      | Learned a level 1 spell: Magic Dart
  5859 | D:4      | Reached skill level 1 in Short Blades
  5874 | D:4      | Reached skill level 1 in Conjurations
  6765 | D:5      | Entered Level 5 of the Dungeon
  6778 | D:5      | Found an iron altar of Okawaru.
  6792 | D:5      | Slain by a centaur

Levels and vault maps discovered:
D:1:      evilmike_arrival_plus, layout_loops_ring
D:2:      layout_loops_cross, minmay_door_square
D:3:      layout_loops_ring, minitemple, first_ration
D:4:      minmay_goblin_kobold_castle, layout_basic, uniq_blork_the_orc
D:5:      layout_basic, elyvilon_altar_4, okawaru_ov_weapons_minmay,
          minmay_temple_entry_grid, serial_shops, shop

Skill      XL: |  1  2  3  4  5  6  7 |
---------------+----------------------+-----
Dodging        | 3 4 |  4.0
Long Blades    | 3 4 5 |  5.8
Fighting       | 3 4 |  4.3
Armour         | 2 3 |  3.3
Charms         | 1 2 |  2.9
Spellcasting   | 3 |  3.8
Short Blades   | 1 |  1.4
Conjurations   | 1 |  1.2
Throwing       | |  1.3
Translocations | |  3.7

Action                   |  1- 3 |  4- 6 |  7- 9 || total
-------------------------+-------+-------+-------++-------
Melee: Falchion          |   128 |   194 |    32 ||   354
       Dagger            |       |       |   141 ||   141
Throw: Dart              |       |     8 |     7 ||    15
       Boomerang         |       |       |     5 ||     5
 Cast: Shroud of Golubri |    10 |    17 |     6 ||    33
 Abil: Hop               |     1 |       |       ||     1
  Use: Potion            |     1 |       |     2 ||     3
       Scroll            |     2 |     3 |     1 ||     6
  Eat: Chunk             |     4 |     5 |     7 ||    16
       Ration            |       |     2 |       ||     2
Armor: Leather armour    |    24 |       |       ||    24
       Ring mail         |     5 |    75 |       ||    80
       Robe              |       |       |    32 ||    32
Dodge: Dodged            |    85 |   102 |   101 ||   288
       Rpst.: Falchion   |    35 |    30 |     3 ||    68

Table legend:
 A = Non-vault XP
 B = Vault XP
 C = Vault XP percentage of total XP
 D = Non-vault monster count
 E = Vault monster count
 F = Vault count percentage of total count
                 A         B        C        D         E       F
            +---------+---------+-------+---------+---------+-------
      Total |     701 |     494 |  41.3 |      71 |      53 |  42.7
            +---------+---------+-------+---------+---------+-------
        D:1 |      37 |       0 |   0.0 |      13 |       0 |   0.0
        D:2 |     164 |       0 |   0.0 |      23 |       0 |   0.0
        D:3 |     214 |       0 |   0.0 |      21 |       0 |   0.0
        D:4 |     281 |     494 |  63.7 |      13 |      53 |  80.3
        D:5 |       5 |       0 |   0.0 |       1 |       0 |   0.0
            +---------+---------+-------+---------+---------+-------
